 Dungeon Crawl Stone Soup version 0.30.1-3-gfc49f6343a (webtiles) character file.

Game seed: 12385133679156017606

28 Sverke the Covered (level 3, -3/24 HPs)
             Began as a Gargoyle Fighter on July 30, 2023.
             Slain by Natasha (13 damage)
             ... on level 2 of the Dungeon.
             The game lasted 00:01:50 (964 turns).

Sverke the Covered (Gargoyle Fighter)                Turns: 964, Time: 00:01:51

Health: -3/24      AC: 10    Str: 21    XL:     3   Next: 14%
Magic:  3/3        EV:  9    Int:  8    God:
Gold:   64         SH:  4    Dex:  9    Spells: 2/2 levels left

rFire   . . .        a - +0 flail
rCold   . . .        c - +0 buckler
rNeg    + . .        b - +0 scale mail
rPois   ∞            (no helmet)
rElec   +            (no cloak)
rCorr   .            (no gloves)
SInv    .            (no boots)
Will    .....        (no amulet) Stlth
                     (no ring)
HPRegen 0.24/turn    (no ring)
MPRegen 0.08/turn

%: no passive effects
@: no status effects
A: sickness immunity, AC +3, negative energy resistance 1, electricity
resistance, torment resistance 1, petrification resistance
a: no special abilities


You were on level 2 of the Dungeon.
You visited 1 branch of the dungeon, and saw 2 of its levels.

You collected 64 gold pieces.

Inventory:

Hand Weapons
 a - a +0 flail (weapon)
Armour
 b - a +0 scale mail (worn)
 c - a +0 buckler (worn)
Scrolls
 e - a scroll of teleportation {unknown}
Potions
 d - a potion of might
 h - a potion of mutation
 i - a potion of invisibility {unknown}
 j - a potion of flight {unknown}
 k - a potion of lignification {unknown}


   Skills:
 + Level 3.6 Fighting
 + Level 2.3 Maces & Flails
 + Level 3.7 Armour
 + Level 3.6 Shields


You had 2 spell levels left.
You didn't know any spells.
Your spell library contained the following spells:

 Spells                   Type           Power      Damage    Failure   Level
 Slow                     Hex            0%         N/A       82%         1
 Confusing Touch          Hex            0%         N/A       99%         3
 Vampiric Draining        Necr           0%         2d6       99%         3


Dungeon Overview and Level Annotations

Branches:
Dungeon (2/15)

Altars:

Annotations:
D:2 Natasha


Innate Abilities, Weirdness & Mutations

You are immune to sickness and miasma.
Your stone body is resilient. (AC +3)
You are immune to poison.
You resist negative energy. (rN+)
You are resistant to electric shocks. (rElec)
You are resistant to unholy torment.
You are immune to petrification.


Message History

The cerulean imp hits you but does no damage.
You closely miss the cerulean imp.
The cerulean imp hits you with a +1 spear.
The cerulean imp barely misses you.
You hit the cerulean imp.
The cerulean imp is lightly wounded.
The cerulean imp hits you but does no damage.
Natasha mumbles some strange words.
The cerulean imp misses you.
You hit the cerulean imp but do no damage.
The cerulean imp is lightly wounded.
You feel yourself speed up. The cerulean imp barely misses you.
The cerulean imp hits you but does no damage.
Natasha extends her claws.
You closely miss the cerulean imp.
The cerulean imp is lightly wounded.
The cerulean imp barely misses you.
The cerulean imp hits you but does no damage.
The cerulean imp hits you from afar with a +1 spear.
You hit the cerulean imp.
The cerulean imp is moderately wounded.
You block the cerulean imp's attack.
The cerulean imp hits you but does no damage.
The cerulean imp closely misses you.
You sock the cerulean imp!
The cerulean imp is severely wounded.
Natasha no longer looks unusually strong.
The cerulean imp disappears in a puff of smoke!
Natasha drinks a potion.
Natasha seems to grow stronger.
You block the cerulean imp's attack. Natasha closely misses you.
The cerulean imp hits you but does no damage.
You barely miss Natasha. Natasha claws you but does no damage.
You block the cerulean imp's attack. Natasha completely misses you.
You barely miss Natasha.
The cerulean imp hits you but does no damage.
Natasha claws you!
Ouch! That really hurt!
You die...

.......<..........
#######.......#.#
............<#.#
.............>.#
##+#............#
#......###.#....#
#....#.# #.#.)..#
#....#†# #.#....#
#....#@###.#....# #
#...†#h5...#....#
#.##...#......###..#
#..'...'......)....#
......##...#†.....###.##
..... #...#......# #.#
.... #...#......# #.#
###+####...#......# #.#
#........#......# #.#


You could see Natasha (strong) and a cerulean imp (summoned).

Vanquished Creatures
  A worm (D:2)
  4 ball pythons
  5 endoplasms (D:1)
  A giant cockroach (D:1)
  3 hobgoblins
  A quokka (D:1)
  3 bats
  A frilled lizard (D:2)
  2 goblins
  A kobold (D:2)
  A rat (D:1)
23 creatures vanquished.

Notes
Turn   | Place    | Note
-------+----------+-------------------------------------------
     0 | D:1      | Sverke the Gargoyle Fighter began the quest for the Orb.
     0 | D:1      | Reached XP level 1. HP: 14/14 MP: 1/1
   168 | D:1      | Reached XP level 2. HP: 6/19 MP: 2/2
   349 | D:1      | Found a faded altar of an unknown god.
   858 | D:2      | Reached XP level 3. HP: 18/23 MP: 3/3
   928 | D:2      | Noticed Natasha
   964 | D:2      | Slain by Natasha

Illustrated notes

Levels and vault maps discovered:
D:1:      heliophobic_arrival_ceremonial_halls, layout_loops_ring,
          shapermc_ecumenical_altar_hornbeckon
D:2:      layout_basic, minmay_pentomino_pile, uniq_natasha,
          uniq_crazy_yiuf_cottage, uniq_jessica, uniq_terence

Action                     || total
---------------------------++-------
  Melee: Flail             ||    75
    Use: Scroll            ||     3
 Armour: Scale mail        ||    46
  Dodge: Dodged            ||    45
  Block: Buckler           ||    18
